 Dungeon Crawl Stone Soup version 0.29-a0-919-gd064cfad1c (webtiles) character file.

Game seed: 15378424321665084457

490 hesitate the Covered (level 7, -4/44 HPs)
             Began as a Gargoyle Fighter on July 27, 2022.
             Was an Initiate of Ashenzari.
             Slain by an ogre
             ... wielding a +0 giant spiked club
              (21 damage)
             ... on level 4 of the Dungeon.
             The game lasted 00:12:27 (3900 turns).

hesitate the Covered (Gargoyle Fighter)             Turns: 3900, Time: 00:12:27

Health: -4/44      AC: 13    Str: 21    XL:     7   Next: 14%
Magic:  16/16      EV:  9    Int:  9    God:    Ashenzari [......]
Gold:   236        SH:  4    Dex:  9    Spells: 6/6 levels left

rFire   . . .      SeeInvis .   a - +0 war axe
rCold   . . .      Faith    .   c - +0 buckler
rNeg    + . .      Spirit   .   b - +0 scale mail
rPois   ∞          Reflect  .   (no helmet)
rElec   +          Harm     .   (no cloak)
rCorr   .          Rampage  .   e - +0 pair of gloves
Will    .....                   (no boots)
Stlth   ..........              q - amulet of Ashenzari's Sun {Regen+, Melee, Evo} (curse)
HPRegen 0.94/turn               v - ring of magical power
MPRegen 0.15/turn               (no ring)

@: mighty
A: sickness immunity, AC +4, negative energy resistance 1, electricity
resistance, torment resistance 1, petrification resistance
a: Renounce Religion, Curse Item, Shatter the Chains


You were on level 4 of the Dungeon.
You worshipped Ashenzari.
Ashenzari was noncommittal.
You visited 1 branch of the dungeon, and saw 4 of its levels.

You collected 236 gold pieces.

Inventory:

Hand Weapons
 a - a +0 war axe (weapon)
Armour
 b - a +0 scale mail (worn)
 c - a +0 buckler (worn)
 e - a +0 pair of gloves (worn)
Jewellery
 q - the cursed amulet of Ashenzari's Sun (around neck) {Regen+, Melee, Evo}
   (You found it on level 3 of the Dungeon)

   [amulet of regeneration]

   Regen:     It increases your rate of health regeneration.
   It has a curse which improves the following skills: Melee Combat: Short
   Blades, Long Blades, Axes, Maces & Flails, Polearms, Staves and Unarmed
   Combat.
   Evocations: Evocations.
 v - a ring of magical power (left hand)
Scrolls
 g - 2 scrolls of magic mapping {unknown}
 i - 3 scrolls of teleportation {unknown}
 m - 2 scrolls of identify {unknown}
 n - a scroll of torment {unknown}
 p - 2 scrolls of enchant armour {unknown}
 s - a scroll of silence {unknown}
 w - a scroll of fear {unknown}
 y - a scroll of brand weapon {unknown}
 z - a scroll of blinking {unknown}
Potions
 d - 2 potions of might
 f - a potion of curing {unknown}
 h - 2 potions of haste {unknown}
 j - a potion of brilliance {unknown}
 k - 3 potions of flight {unknown}
 l - 2 potions of lignification {unknown}
 o - a potion of invisibility {unknown}
 r - 2 potions of ambrosia {unknown}
 t - a potion of attraction {unknown}
 u - a potion of heal wounds {unknown}
 x - 2 potions of degeneration {unknown}
 A - a potion of mutation {unknown}


   Skills:
 + Level 5.0 Fighting
 + Level 4.5(4.9) Axes
 + Level 5.2 Armour
 - Level 0.2 Dodging
 - Level 0.1 Stealth
 - Level 4.0 Shields


You had 6 spell levels left.
You didn't know any spells.
Your spell library contained the following spells:

 Spells                   Type           Power      Damage    Failure   Level
 Summon Small Mammal      Summ           0%         N/A       80%         1
 Call Canine Familiar     Summ           0%         N/A       99%         3
 Summon Guardian Golem    Hex/Summ       0%         N/A       99%         3


Dungeon Overview and Level Annotations

Branches:
Dungeon (4/15)
 Temple: D:4-7

Altars:
Ashenzari
Makhleb
Yredelemnul


Innate Abilities, Weirdness & Mutations

You are immune to sickness and miasma.
Your stone body is resilient. (AC +4)
You are immune to poison.
You resist negative energy. (rN+)
You are resistant to electric shocks. (rElec)
You are resistant to unholy torment.
You are immune to petrification.


Message History

You hit the dart slug.
The dart slug is almost dead.
The dart slug launches a dart at you. The slug dart hits you.
You hit the dart slug.
You kill the dart slug!
z - a scroll labelled FIAVAC TYOG
x - 2 sapphire potions (gained 1)
A quokka comes into view.
The quokka bites you but does no damage.
You slash the quokka!
You kill the quokka!
Found a sling.
A - a fuming inky potion
Found 12 gold pieces.
You see here a +0 sling.
You now have 236 gold pieces (gained 12).
Ashenzari invites you to partake of a vision and a curse of elements and beguiling.
You open the door.
Found a basalt altar of Yredelemnul.
Found a scroll labelled RALOVVY WITITZ.
There is an open door here.
There is an open door here.
Found a robe.
There is a basalt altar of Yredelemnul here.
You see here a scroll labelled RALOVVY WITITZ.
There is an open door here.
You feel very mighty all of a sudden. The ogre misses you.
You slash the ogre!
The ogre is heavily wounded.
The ogre closely misses you.
You hit the ogre.
The ogre is heavily wounded.
The ogre hits you with a +0 giant spiked club!!
Ouch! That really hurt!
You barely miss the ogre.
The ogre is heavily wounded.
The ogre hits you with a +0 giant spiked club!!
You die...

#....[.# #.w..##.# #..###
##..##..####'##'##'####..#
##..####..#.....#...[. #.#
##.### ##.#.....#.... #..
! ##.## #.'##'##'##'##'.
O$ ##..# ###..#.. .#..# .#
...## ###..#'###'#..# .#
..## ##.#..#.....#..#..
..# ##..'..@O._..'..'..
..## ##...#..#...?.#..#.
...######....#..#'###+#
.....##...##.#..#..
.........###.+##'##+
........## ### ...
........# ..... ........##
###+##+ ######...#


You could see an ogre.

Vanquished Creatures
  Sigmund (D:2)
  An ogre (D:4)
  A scorpion (D:4)
  A hound (D:4)
  3 gnolls (D:4)
  2 adders
  3 worms
  2 dart slugs
  6 orcs (D:4)
  9 ball pythons
  6 bats
  4 endoplasms
  7 giant cockroaches
  8 goblins
  5 hobgoblins
  7 jackals
  5 quokkas
  4 frilled lizards
  8 kobolds
  6 rats
89 creatures vanquished.

Notes
Turn   | Place    | Note
-------+----------+-------------------------------------------
     0 | D:1      | hesitate the Gargoyle Fighter began the quest for the Orb.
     0 | D:1      | Reached XP level 1. HP: 14/14 MP: 1/1
    44 | D:1      | Reached XP level 2. HP: 11/19 MP: 2/2
   229 | D:1      | Found a faded altar of an unknown god.
   734 | D:1      | Reached XP level 3. HP: 23/23 MP: 3/3
  1593 | D:2      | Noticed Sigmund
  1614 | D:2      | Killed Sigmund
  1615 | D:2      | Reached XP level 4. HP: 6/29 MP: 4/4
  1615 | D:2      | Reached XP level 5. HP: 7/33 MP: 5/5
  1958 | D:2      | Found a burning altar of Makhleb.
  2503 | D:3      | Found a broken altar of Ashenzari.
  2524 | D:3      | Became a worshipper of Ashenzari the Shackled
  2626 | D:3      | Reached XP level 6. HP: 36/38 MP: 6/6
  3702 | D:4      | Reached skill level 5 in Fighting
  3702 | D:4      | Reached skill level 5 in Armour
  3702 | D:4      | Reached XP level 7. HP: 5/44 MP: 7/7
  3884 | D:4      | Found a basalt altar of Yredelemnul.
  3900 | D:4      | Slain by an ogre

Illustrated notes

Levels and vault maps discovered:
D:1:      dpeg_arrival_stone_temple_mockup, layout_loops_corners,
          shapermc_ecumenical_altar_pompeii
D:2:      layout_loops_ring, basic_altar, kennysheep_donut, dk_vineyard_2,
          minmay_misc_feat_chi, grunt_decor_resistance, uniq_sigmund
D:3:      layout_basic, evilmike_ruin_ashenzari, minmay_diced_spiral
D:4:      layout_layer_cave, mainiacjoe_overflow_24_doors,
          fedhas_altar_fruit_tree, minmay_circle_x

Skill      XL: |  1  2  3  4  5  6 |
---------------+-------------------+-----
Axes           | 2 3 4 |  4.5
Fighting       | 4 5 |  5.0
Armour         | 4 5 |  5.2
Shields        | 4 |  4.0
Dodging        | |  0.2
Stealth        | |  0.1

Action                   |  1- 3 |  4- 6 |  7- 9 || total
-------------------------+-------+-------+-------++-------
Melee: War axe           |   136 |   147 |    13 ||   296
Invok: Curse Item        |       |     1 |       ||     1
  Use: Potion            |       |       |     1 ||     1
Armor: Scale mail        |    90 |    81 |     3 ||   174
Dodge: Dodged            |    80 |    69 |     5 ||   154
Block: Buckler           |    46 |    41 |     2 ||    89

Table legend: (Time is in decaauts)
 A = Elapsed time spent in this place.
 B = Non-inter-level travel time spent in this place.
 C = Inter-level travel time spent in this place.
 D = Time resting spent in this place.
 E = Time spent auto-exploring this place.
 F = Levels seen in this place.
 G = Mean time per level.
                   A        B        C        D        E       F      G
               +--------+--------+--------+--------+--------+-----+--------+
         Total |   4013 |   3941 |     72 |    472 |   2285 |   4 | 1003.2 |
       Dungeon |   4013 |   3941 |     72 |    472 |   2285 |   4 | 1003.2 |
               +--------+--------+--------+--------+--------+-----+--------+

Top non-repeatable levels by time:
     D:1: 1385 daAuts
     D:2: 1117 daAuts
     D:3: 1007 daAuts
     D:4: 504 daAuts
